Map: Daybreak LE (Void)

Players

fropez - Winner!

  • Race: Protoss Protoss
  • League: Gold
  • Spawn Location: 7:00

ingongchichi

  • Race: Terran Terran
  • League: Platinum
  • Spawn Location: 1:00

VOD

Have the link to the VOD?

Description

Time

  • Played on: Dec. 13, 2016, 10:38 p.m.
  • Length: 28:27
Show
View Real Time Build Order
Export as new Build Order

fropez Protoss - Winner!

Build Orders: 1 Gate Expand 

Get SALT Encoding   

  12  0:03  Probe (Chrono Boost)  
  13  0:15  Probe (Chrono Boost)  
  13  0:20  Pylon  
  14  0:26  Probe (Chrono Boost)  
  15  0:38  Probe (Chrono Boost)  
  15  0:39  Gateway  
  16  0:45  Assimilator  
  16  0:49  Probe (Chrono Boost)  
  17  0:59  Probe (Chrono Boost)  
  18  1:14  Probe (Chrono Boost)  
  19  1:22  Nexus  
  19  1:24  Probe (Chrono Boost)  
  20  1:31  Assimilator  
  20  1:35  Probe (Chrono Boost)  
  21  1:42  Pylon  
  21  1:50  Probe (Chrono Boost)  
  21  1:54  Pylon  
  22  2:02  Cybernetics Core  
  22  2:05  Probe (Chrono Boost)  
  23  2:16  Probe (Chrono Boost)  
  23  2:22  Gateway  
  24  2:26  Probe (Chrono Boost)  
  25  2:44  Warp Gate  
  25  2:49  Probe (Chrono Boost)  
  26  2:51  Stalker  
  26  2:55  Mothership Core (Chrono Boost)  
  29  2:59  Probe (Chrono Boost)  
  29  3:01  Pylon  
  30  3:09  Assimilator  
  30  3:10  Probe (Chrono Boost), Stalker  
  33  3:13  Probe (Chrono Boost)  
  34  3:20  Probe (Chrono Boost)  
  34  3:24  Twilight Council  
  35  3:30  Probe (Chrono Boost)  
  35  3:32  Stalker  
  38  3:35  Probe (Chrono Boost)  
  39  3:48  Probe x2 (Chrono Boost)  
  41  3:52  Stalker  
  43  4:02  Probe (Chrono Boost), Stalker  
  46  4:04  Blink  
  46  4:07  Pylon  
  46  4:09  Probe (Chrono Boost)  
  47  4:15  Probe (Chrono Boost)  
  48  4:17  Pylon  
  48  4:23  Pylon  
  48  4:32  Robotics Facility  
  48  4:42  Probe (Chrono Boost)  
  48  4:43  Probe (Chrono Boost)  
  48  4:44  Assimilator  
  50  4:48  Stalker x2  
  55  4:54  Probe (Chrono Boost)  
  55  4:55  Probe (Chrono Boost)  
  56  5:03  Gateway  
  56  5:06  Probe (Chrono Boost)  
  58  5:07  Probe (Chrono Boost)  
  58  5:14  Stalker x2  
  58  5:19  Observer  
  63  5:36  Forge  
  63  5:38  Probe x2 (Chrono Boost), Stalker x2  
  63  5:39  Forge  
  69  5:55  Protoss Ground Weapons Level 1  
  69  5:58  Protoss Ground Armor Level 1  
  69  6:06  Stalker x2  
  67  6:32  Nexus  
  61  6:50  Stalker x2  
  61  6:52  Warp Prism  
  67  6:57  Probe (Chrono Boost)  
  67  6:58  Probe (Chrono Boost)  
  69  7:03  Pylon  
  69  7:05  Assimilator  
  70  7:09  Probe (Chrono Boost), Assimilator  
  70  7:11  Probe (Chrono Boost)  
  70  7:12  Resonating Glaives  
  70  7:14  Photon Cannon, Stalker x3  
  77  7:16  Pylon  
  77  7:34  Protoss Ground Weapons Level 2  
  77  7:35  Protoss Ground Armor Level 2, Probe x2 (Chrono Boost)  
  79  7:50  Probe x2 (Chrono Boost)  
  81  8:00  Stalker x2  
  81  8:01  Stalker  
  85  8:30  Stalker x3  
  85  8:31  Probe (Chrono Boost)  
  85  8:32  Probe (Chrono Boost)  
  85  8:33  Probe (Chrono Boost)  
  94  8:41  Gateway x2  
  94  8:43  Probe (Chrono Boost)  
  94  8:45  Probe x2 (Chrono Boost), Gateway  
  97  8:49  Pylon  
  97  8:52  Pylon  
  97  8:54  Pylon, Photon Cannon, Stalker  
  97  8:55  Stalker x2  
  105  8:56  Photon Cannon  
  105  8:57  Pylon, Probe x2 (Chrono Boost)  
  105  8:58  Photon Cannon  
  105  8:59  Pylon  
  105  9:03  Pylon  
  105  9:15  Forge  
  105  9:25  Gateway  
  105  9:29  Gateway  
  107  9:31  Gateway  
  107  9:32  Probe x2 (Chrono Boost)  
  107  9:39  Pylon, Gateway  
  107  9:42  Protoss Ground Weapons Level 3, Pylon  
  107  9:48  Pylon  
  107  9:51  Pylon, Protoss Shields Level 1  
  107  9:57  Stalker x3  
  113  10:00  Pylon  
  113  10:04  Pylon, Protoss Ground Armor Level 3  
  113  10:08  Pylon  
  113  10:09  Observer  
  94  10:39  Stalker x4  
  94  10:40  Stalker x2  
  100  11:03  Nexus  
  100  11:06  Pylon  
  100  11:07  Adept x4  
  100  11:08  Adept x4, Pylon  
  100  11:09  Adept x2  
  100  11:11  Assimilator  
  120  11:15  Assimilator  
  120  11:16  Pylon  
  120  11:20  Pylon  
  118  11:29  Probe (Chrono Boost)  
  118  11:30  Probe x2 (Chrono Boost)  
  118  11:32  Stalker x6  
  123  11:44  Stalker x3  
  123  11:45  Stalker  
  129  11:49  Probe (Chrono Boost)  
  129  11:50  Probe x2 (Chrono Boost)  
  132  11:57  Photon Cannon  
  128  12:04  Stalker x3  
  132  12:09  Probe (Chrono Boost)  
  132  12:10  Probe (Chrono Boost)  
  132  12:11  Probe (Chrono Boost)  
  135  12:20  Probe (Chrono Boost)  
  135  12:21  Templar Archives  
  137  12:22  Probe (Chrono Boost)  
  137  12:24  Dark Shrine  
  135  12:50  Stalker x6  
  135  12:51  Stalker x3  
  151  13:03  Pylon  
  151  13:08  Photon Cannon x2  
  151  13:10  Photon Cannon  
  151  13:14  Photon Cannon  
  151  13:30  Probe (Chrono Boost)  
  151  13:31  Probe (Chrono Boost)  
  151  13:32  Probe x2 (Chrono Boost)  
  151  13:33  Nexus  
  155  13:35  Assimilator  
  155  13:40  Assimilator  
  154  13:42  Pylon  
  154  13:57  Pylon  
  154  14:11  Dark Templar x2  
  154  14:12  Dark Templar x6  
  154  14:13  Dark Templar x2  
  160  14:57  Archon x3  
  160  14:59  Stalker x4  
  158  15:00  Stalker x6  
  156  15:23  Dark Templar  
  156  15:24  Dark Templar x5  
  156  15:25  Dark Templar x2  
  149  15:57  Stalker x4  
  149  15:58  Stalker x6  
  155  17:27  Photon Cannon  
  155  17:29  Photon Cannon  
  155  17:34  Photon Cannon  
  155  17:35  Nexus  
  155  17:38  Stargate, Assimilator, Photon Cannon  
  155  17:40  Stargate  
  155  17:41  Stargate  
  155  17:42  Assimilator  
  155  17:44  Cybernetics Core  
  155  17:45  Cybernetics Core  
  155  17:46  Pylon  
  155  17:47  Pylon  
  155  17:49  Pylon x2  
  155  17:52  Pylon  
  155  17:56  Pylon  
  155  17:59  Pylon  
  155  18:02  Pylon  
  155  18:06  Protoss Air Weapons Level 1  
  155  18:08  Protoss Air Armor Level 1  
  155  18:15  Stalker x6  
  155  18:16  Stalker x4  
  175  18:35  Fleet Beacon  
  175  18:37  Pylon  
  175  18:39  Pylon  
  175  18:40  Probe (Chrono Boost)  
  177  18:42  Probe (Chrono Boost)  
  177  18:44  Probe x2 (Chrono Boost)  
  179  19:09  Photon Cannon  
  179  19:11  Pylon, Photon Cannon  
  179  19:13  Photon Cannon  
  179  19:14  Pylon  
  179  19:16  Pylon  
  179  19:22  Pylon  
  179  19:24  Pylon  
  179  19:25  Pylon  
  179  19:27  Nexus  
  179  19:30  Pylon  
  179  19:32  Carrier x3  
  179  19:34  Assimilator  
  179  19:35  Pylon  
  179  19:38  Assimilator  
  197  19:39  Protoss Shields Level 2  
  197  19:40  Pylon  
  197  19:41  Pylon  
  197  19:42  Observer  
  197  19:43  Pylon  
  197  19:45  Pylon  
  198  19:48  Pylon  
  198  19:53  Pylon  
  198  20:04  Observer  
  199  20:20  Pylon  
  195  20:22  Stalker x2  
  195  20:25  Observer  
  195  20:26  Protoss Air Weapons Level 2, Protoss Air Armor Level 2  
  196  20:30  Pylon  
  196  20:32  Pylon x2  
  196  20:36  Pylon  
  196  20:39  Pylon  
  196  20:42  Pylon  
  196  20:45  Pylon  
  196  20:46  Pylon, Observer  
  196  20:47  Pylon  
  197  20:55  Pylon  
  197  20:56  Pylon  
  193  21:16  Dark Templar  
  193  21:17  Dark Templar  
  193  21:18  Dark Templar  
  178  22:02  Carrier  
  178  22:04  Carrier  
  178  22:05  Carrier  
  196  22:17  Protoss Shields Level 3  
  196  22:32  Protoss Air Weapons Level 3  
  196  22:33  Protoss Air Armor Level 3  
  196  22:39  Dark Templar  
  198  23:26  Carrier  
  198  23:28  Carrier  
  198  23:29  Carrier  
  152  23:55  Dark Templar  
  152  23:59  Probe (Chrono Boost)  
  152  24:00  Probe x2 (Chrono Boost)  
  152  24:01  Probe x4 (Chrono Boost)  
  161  24:12  Probe x2 (Chrono Boost)  
  153  24:41  Carrier  
  153  24:42  Carrier  
  153  24:43  Carrier  
  140  25:47  Stalker x2  
  140  25:48  Stalker x6  
  140  25:49  Stalker x2  
  172  26:40  Pylon  
  172  26:43  Phoenix x2  
  172  26:44  Phoenix  
  156  26:50  Pylon  
  156  26:53  Pylon  
  160  27:05  Phoenix x3  
  166  27:27  Phoenix x3  
  172  27:48  Phoenix x2  
  172  27:49  Phoenix  
  178  28:05  Dark Templar x3  
  180  28:06  Dark Templar x3  
Show
View Real Time Build Order
Export as new Build Order

ingongchichi Terran 

Build Orders: Command Center First (CC) 

Get SALT Encoding   

  12  0:05  SCV  
  13  0:17  SCV  
  13  0:20  Supply Depot  
  14  0:29  SCV  
  15  0:41  SCV  
  16  0:53  SCV  
  17  1:06  Command Center  
  17  1:07  SCV  
  18  1:19  SCV  
  19  1:26  Barracks  
  19  1:31  SCV  
  20  1:33  Refinery  
  20  1:43  SCV  
  21  1:55  SCV  
  22  2:07  SCV  
  23  2:09  Supply Depot  
  23  2:20  Supply Depot  
  23  2:24  SCV  
  23  2:25  Marine  
  23  2:28  SCV  
  26  2:43  Barracks  
  26  2:52  Supply Depot  
  26  2:54  Barracks Tech Lab  
  26  3:01  Refinery  
  26  3:08  Barracks  
  26  3:14  SCV  
  26  3:17  SCV  
  26  3:19  Command Center  
  28  3:22  Barracks  
  28  3:24  Marauder  
  30  3:31  Marine  
  31  3:37  SCV  
  31  3:38  SCV  
  33  3:49  Marauder  
  33  3:51  SCV, Concussive Shells  
  36  4:00  Barracks Reactor  
  36  4:05  Supply Depot  
  36  4:10  SCV  
  36  4:12  Barracks Reactor, Supply Depot, Barracks Tech Lab  
  36  4:16  Marauder  
  40  4:25  Orbital Command  
  40  4:29  SCV  
  40  4:36  SCV  
  41  4:41  SCV  
  42  4:46  Engineering Bay  
  42  4:48  SCV  
  43  4:53  Engineering Bay  
  43  4:56  SCV  
  43  5:00  SCV, Marauder  
  43  5:01  Marine x3  
  43  5:03  Marine  
  50  5:11  SCV  
  50  5:12  SCV  
  52  5:18  Marine  
  52  5:19  Marine x2  
  55  5:22  Marauder  
  57  5:54  Marine x4, Marauder x2  
  57  5:55  Combat Shields  
  64  6:09  SCV  
  64  6:21  SCV  
  64  6:22  Marine x3  
  64  6:23  Marine, Marauder  
  64  6:24  Marauder  
  69  6:40  Marine x4  
  69  6:45  Marauder x2  
  74  6:58  Marine x4, SCV  
  74  6:59  SCV  
  80  7:06  Marauder x2  
  80  7:08  Terran Infantry Weapons Level 1, Terran Infantry Armor Level 1  
  84  7:10  Factory  
  84  7:12  SCV  
  84  7:13  SCV  
  86  7:15  Marine  
  86  7:16  Marine x3  
  90  7:28  Marauder x2  
  94  7:33  Marine x2  
  94  7:34  Marine x2, Refinery  
  98  7:37  Factory  
  98  7:42  SCV  
  98  7:44  SCV  
  100  7:54  SCV  
  100  7:57  SCV  
  100  7:58  Marauder x2  
  104  8:34  SCV  
  104  8:39  Marine x2  
  104  8:40  Marine x2  
  108  8:44  Supply Depot  
  108  8:46  SCV  
  109  8:49  Factory Tech Lab  
  109  8:50  Factory Tech Lab  
  109  8:53  Starport  
  109  9:06  Marauder x2, Ghost Academy  
  109  9:07  Supply Depot  
  113  9:12  Building Armor  
  113  9:14  Marine x4  
  117  9:25  Refinery  
  117  9:28  SCV, Marauder x2  
  117  9:30  Starport  
  122  9:35  Supply Depot  
  122  9:40  SCV  
  123  9:53  Missile Turret  
  123  9:56  Missile Turret  
  123  9:57  Missile Turret  
  123  9:59  Missile Turret  
  123  10:03  Missile Turret  
  123  10:04  Missile Turret  
  115  10:32  Marine x2  
  115  10:33  Marine x2  
  115  10:34  Marauder x2  
  117  10:40  SCV  
  116  10:46  SCV  
  117  10:52  SCV  
  117  10:53  Marine x2  
  117  10:54  Marine x2  
  122  10:58  SCV  
  123  11:04  SCV  
  123  11:05  Fusion Core  
  123  11:09  Starport Reactor x2  
  98  12:09  SCV  
  98  12:14  Refinery  
  98  12:15  SCV  
  100  12:21  SCV  
  100  12:22  Siege Tank x2  
  107  12:27  SCV  
  108  12:31  Medivac x2  
  108  12:32  Medivac x2  
  116  12:39  SCV  
  117  12:46  Armory  
  115  12:54  Hellion  
  115  12:55  Marine x3, Hellion  
  115  12:56  Marine  
  115  12:57  Marauder x2  
  127  13:07  Missile Turret  
  127  13:12  Missile Turret  
  127  13:15  Missile Turret  
  127  13:16  Missile Turret  
  127  13:17  SCV  
  127  13:18  Missile Turret  
  127  13:19  Orbital Command  
  128  13:25  Medivac x2  
  128  13:26  Medivac x2  
  136  13:29  Hellion  
  136  13:30  Hellion  
  140  13:42  Marine x4  
  140  13:43  Marauder x2  
  148  13:50  Thor x2  
  160  14:00  SCV, Refinery  
  161  14:03  Terran Vehicle Weapons Level 1  
  161  14:04  Command Center, Terran Infantry Weapons Level 2  
  161  14:05  Terran Infantry Armor Level 2  
  161  14:12  SCV  
  161  14:14  Infernal Pre-Igniter  
  162  14:38  Marine x4  
  164  14:39  Marauder  
  164  14:40  Marauder  
  119  15:09  Missile Turret  
  119  15:10  Missile Turret  
  115  15:16  Marine x2  
  115  15:17  Marine x2  
  115  15:18  Thor, Marauder x2  
  115  15:19  Medivac  
  86  15:46  Starport  
  86  15:56  SCV  
  42  16:26  Marine x3  
  42  16:27  Marine x3  
  13  17:21  SCV  
  14  17:45  Marine x2  
  16  17:58  SCV  
  17  18:11  SCV  
  17  18:12  Liberator x2  
  18  18:14  SCV  
  18  18:16  Liberator  
  18  18:18  Marine x2  
  22  18:21  Marauder  
  22  18:23  SCV  
  22  18:26  SCV  
  34  18:35  SCV  
  35  18:42  Marine x2  
  35  18:44  Marauder  
  39  18:48  SCV  
  39  18:50  SCV  
  39  18:53  Refinery  
  41  19:00  Marine x2  
  44  19:02  SCV  
  44  19:05  Marauder  
  44  19:07  SCV  
  47  19:12  Refinery  
  47  19:15  SCV  
  48  19:19  SCV  
  49  19:28  Missile Turret  
  49  19:32  Missile Turret  
  49  19:34  Liberator, Missile Turret  
  49  19:35  SCV  
  50  19:41  SCV  
  50  19:43  Marine, Marauder  
  50  19:44  Marine  
  55  19:46  Thor  
  55  19:48  SCV  
  55  19:49  Hellion  
  67  19:54  Starport Tech Lab  
  64  21:15  Battlecruiser  
  45  21:41  Battlecruiser  
  51  21:59  Marine x2  
  53  22:17  Marine x2  
  55  22:30  Battlecruiser  
  55  22:34  Marine, Hellion  
  55  22:35  Marine x3, Hellion  
  63  22:37  Factory Reactor  
  63  22:52  Marine x2  
  63  22:53  Marine x2  
  63  22:56  Hellion x2  
  63  22:57  Supply Depot  
  71  22:59  Supply Depot  
  71  23:10  Marine x2  
  71  23:11  Marine x2  
  75  23:17  Hellion x2  
  75  23:18  Battlecruiser  
  85  23:28  Marine  
  85  23:29  Marine  
  87  23:39  Hellion x2  
Tags
 
Add a new tag
Caveats
  • Supply blocks, unpowered buildings, or Contaminate may cause inaccurate times.
  • Supply counts are checked every 10 seconds.